 Dungeon Crawl Stone Soup version 0.30-a0-368-g86fb4627a9 (webtiles) character file.

Game seed: 4630401445879220991

3310 oldriver the Thaumaturge (level 9, -3/64 HPs)
             Began as a Mummy Necromancer on Nov 18, 2022.
             Was a Follower of Hepliaklqana.
             Slain by a vampire (6 damage)
             ... on level 10 of the Dungeon.
             The game lasted 00:18:11 (8743 turns).

oldriver the Thaumaturge (Mummy Necromancer)        Turns: 8743, Time: 00:18:12

Health: -3/64      AC:  3    Str: 12    XL:     9   Next: 70%
Magic:  1/31       EV: 12    Int: 18    God:    Hepliaklqana [*.....]
Gold:   472        SH:  0    Dex: 12    Spells: 10/26 levels left

rFire   . . .      SeeInvis .    h - +7 dagger (vorpal)
rCold   + . .      Faith    +    (no shield)
rNeg    + + +      Spirit   .    r - +0 robe {Will+}
rPois   ∞          Reflect  .    (no helmet)
rElec   .          Harm     .    (no cloak)
rCorr   .          Rampage  .    a - +0 pair of gloves
Will    ++...                    (no boots)
Stlth   ++........               g - amulet of regeneration
HPRegen 1.10/turn                c - ring of magical power
MPRegen 0.22/turn                j - ring of protection from fire

@: no status effects
A: reduced essence, cold resistance 1, negative energy resistance 3, torment
resistance 2, heat vulnerability 1, in touch with death 1, no potions, faith
a: Renounce Religion, Recall Ancestor, Ancestor Identity


You were on level 10 of the Dungeon.
You worshipped Hepliaklqana.
Hepliaklqana was aware of your devotion.
You visited 2 branches of the dungeon, and saw 9 of its levels.
You also visited: Ossuary.

You collected 472 gold pieces.

Inventory:

Hand Weapons
 h - a +7 vorpal dagger (weapon)
 n - the +7 hammer of War {flame, *Slow rElec Int+3 Stlth+}
   (You found it on level 6 of the Dungeon)

   It burns those it strikes, dealing additional fire damage.
   Int:       It affects your intelligence (+3).
   rElec:     It insulates you from electricity.
   *Slow:     It may slow you when you take damage.
   Stlth:     It makes you more stealthy.
Armour
 a - a +0 pair of gloves (worn)
 o - a +0 kite shield
 r - a +0 robe of willpower (worn)
Jewellery
 c - a ring of magical power (left hand)
 g - an amulet of regeneration (around neck)
 j - a ring of protection from fire (right hand)
Wands
 p - a wand of mindburst (19)
 q - a wand of paralysis (1)
 s - a wand of polymorph (7)
Scrolls
 b - 2 scrolls of magic mapping
 d - 2 scrolls of teleportation
 e - 3 scrolls of amnesia
 f - 6 scrolls of fog
 i - 2 scrolls of blinking
 k - 2 scrolls of poison
 l - a scroll of immolation
 m - a scroll of vulnerability


   Skills:
 + Level 7.3 Fighting
 - Level 1.5 Dodging
 - Level 1.5 Stealth
 + Level 9.4 Spellcasting
 - Level 4.0 Necromancy
 * Level 7.3 Air Magic


You had 10 spell levels left.
You knew the following spells:

 Your Spells              Type           Power      Damage    Failure   Level
a - Necrotise             Necr           100%       1d9       1%          1
b - Vampiric Draining     Necr           34%        2d8       4%          3
c - Animate Dead          Necr           34%        N/A       16%         4
d - Airstrike             Air            17%        2d(3-19)  4%          4
p - Shock                 Conj/Air       84%        1d8       1%          1
w - Swiftness             Air            35%        N/A       1%          3

Your spell library contained the following spells:

 Spells                   Type           Power      Damage    Failure   Level
 Apportation              Tloc           16%        N/A       9%          1
 Summon Small Mammal      Summ           32%        N/A       9%          1
 Call Canine Familiar     Summ           8%         N/A       26%         3
 Gell's Gravitas          Tloc           8%         N/A       26%         3
 Inner Flame              Hex/Fire       8%         N/A       26%         3
 Summon Guardian Golem    Hex/Summ       8%         N/A       26%         3
 Teleport Other           Tloc           8%         N/A       26%         3
 Agony                    Necr           34%        N/A       41%         5
 Cause Fear               Hex            4%         N/A       63%         4
 Dispersal                Tloc           4%         N/A       100%        6
 Discord                  Hex            4%         N/A       100%        8


Dungeon Overview and Level Annotations

Branches:
Dungeon (10/15)            Temple (1/1) D:6         Ossuary (visited)
   Lair: D:8-11         Orc: D:9-12

Altars:
Ashenzari
Cheibriados
Dithmenos
Fedhas
Gozag
Hepliaklqana
Makhleb
Nemelex Xobeh
Okawaru
Qazlal
Sif Muna
Trog
Vehumet
Wu Jian
Xom
Yredelemnul

Shops:
D:1 =

Annotations:
D:5 3 runed translucent doors, qeuew's ghost, novice TeHu
D:6 1 runed translucent door, Crazy Yiuf
D:7 2 transporters


Innate Abilities, Weirdness & Mutations

Your life essence is reduced to manifest your ancestor. (-10% HP)
You are immune to poison.
Your flesh is cold resistant. (rC+)
You are immune to negative energy. (rN+++)
You are immune to unholy pain and torment.
You are vulnerable to heat. (rF-)
You are in touch with the powers of death.
You do not drink.
You have a special connection with the divine. (Faith)


Message History

Aiming: Airstrike (dangerous; 4% risk of failure)
Press: ? - help, Dir - move target The air twists around and strikes something but does no damage.
Something barely misses Mettia.
Something bites Mettia!
Mettia is destroyed!
Unknown command.
Casting: Airstrike (dangerous; 4% risk of failure)
Confirm with . or Enter, or press ? or * to list all spells.
Aiming: Airstrike (dangerous; 4% risk of failure)
Press: ? - help, Dir - move target The air twists around and strikes something but does no damage.
Unknown command.
You hit something but do no damage. Something hits you but does no damage.
Something bites you!
Casting: Airstrike (dangerous; 4% risk of failure)
Confirm with . or Enter, or press ? or * to list all spells.
Aiming: Airstrike (dangerous; 4% risk of failure)
Press: ? - help, Dir - move target The air twists around and strikes something but does no damage.
Something hits you! Something bites you!
* * * LOW HITPOINT WARNING * * *
Unknown command.
Casting: Airstrike (dangerous; 4% risk of failure)
Confirm with . or Enter, or press ? or * to list all spells.
Aiming: Airstrike (dangerous; 4% risk of failure)
Press: ? - help, Dir - move target The air twists around and strikes something but does no damage.
Something hits you.
* * * LOW HITPOINT WARNING * * *
Something bites you!
* * * LOW HITPOINT WARNING * * *
Casting: Airstrike (dangerous; 4% risk of failure)
Confirm with . or Enter, or press ? or * to list all spells.
Aiming: Airstrike (dangerous; 4% risk of failure)
Press: ? - help, Dir - move target The air twists around and strikes something but does no damage.
Something hits you!
* * * LOW HITPOINT WARNING * * *
Something bites you.
You die...

######..............
...................
...................
.........#######..
#######..# #.. #..#
#.# #..# #.#
#..#######.#
#.........@#
#..........#
#...>......#
#..........#
#..........#
#..........#
#.####+#...'. #.
#...#.


There were no monsters in sight!

Vanquished Creatures
  Pikel (D:7)
  Sigmund (D:2)
  A wyvern (D:7)
  A wraith (D:10)
  Eustachio (D:6)
  Menkaure (D:5)
  2 water moccasins (D:5)
  Duvessa (D:6)
  A sky beast (D:5)
  2 black bears
  2 ogres (D:5)
  A lemure (D:7)
  4 water moccasin zombies (Ossuary)
  3 scorpions
  Dowan (D:6)
  3 howler monkeys (D:5)
  A bullfrog zombie (Ossuary)
  A centaur zombie (Ossuary)
  A hound (D:7)
  A jelly (D:6)
  2 gnoll boudas (D:5)
  A human zombie (Ossuary)
  2 orc priests
  6 iguanas
  2 orc wizards
  A scorpion zombie (Ossuary)
  An ogre zombie (Ossuary)
  A mummy (Ossuary)
  6 adders
  7 gnolls (D:5)
  An ufetubus (D:6)
  7 adder zombies (Ossuary)
  2 worms
  19 orcs
  6 endoplasms
  2 giant cockroaches
  3 gnoll zombies (Ossuary)
  10 goblins
  6 hobgoblins
  3 jackals (D:2)
  2 quokkas
  8 ball pythons
  9 bats
  5 frilled lizards
  3 goblin zombies (Ossuary)
  2 hobgoblin zombies (Ossuary)
  9 kobolds
  3 orc zombies (Ossuary)
  3 rats
162 creatures vanquished.

Vanquished Creatures (collateral kills)
  2 gnolls (D:5)
  2 dart slugs (D:1)
  An orc (D:5)
  A ball python (D:4)
  A rat (D:2)
7 creatures vanquished.

Vanquished Creatures (others)
  An ancestor (D:10)
  6 plants (D:7)
7 creatures vanquished.

Grand Total: 176 creatures vanquished

Notes
Turn   | Place    | Note
-------+----------+-------------------------------------------
     0 | D:1      | oldriver the Mummy Necromancer began the quest for the Orb.
     0 | D:1      | Reached XP level 1. HP: 13/13 MP: 4/4
   112 | D:1      | Reached skill level 3 in Spellcasting
   181 | D:1      | Reached skill level 1 in Fighting
   216 | D:1      | Found Wiopemui's Jewellery Boutique.
   262 | D:1      | Reached XP level 2. HP: 21/21 MP: 4/6
   901 | D:1      | Gained mutation: You are in touch with the powers of death.
                  | [Mummy growth]
   901 | D:1      | Reached XP level 3. HP: 27/27 MP: 8/8
  1226 | D:2      | Found a faded altar of an unknown god.
  1314 | D:2      | Reached skill level 4 in Spellcasting
  1534 | D:2      | Noticed Sigmund
  1543 | D:2      | Identified a scroll of acquirement
  1544 | D:2      | Acquired an amulet of regeneration
  1563 | D:2      | Killed Sigmund
  1564 | D:2      | Reached skill level 5 in Spellcasting
  1564 | D:2      | Reached XP level 4. HP: 35/37 MP: 11/11
  1564 | D:2      | Reached XP level 5. HP: 40/42 MP: 12/12
  1744 | D:2      | Learned a level 3 spell: Vampiric Draining
  1749 | D:2      | Learned a level 4 spell: Animate Dead
  1751 | D:2      | Learned a level 1 spell: Shock
  1755 | D:2      | Learned a level 3 spell: Swiftness
  2626 | D:3      | Reached skill level 1 in Air Magic
  2626 | D:3      | Reached XP level 6. HP: 46/48 MP: 14/14
  3681 | D:5      | Entered Level 5 of the Dungeon
  3745 | D:5      | Reached skill level 6 in Spellcasting
  3832 | D:5      | Found a snail-covered altar of Cheibriados.
  3861 | D:5      | Found a runed translucent gate.
  3861 | D:5      | Found a runed translucent gate.
  3862 | D:5      | Found a runed translucent gate.
  3871 | D:5      | Noticed qeuew's ghost (novice TeHu)
  3998 | D:5      | Found a burning altar of Makhleb.
  4011 | D:5      | Reached XP level 7. HP: 45/55 MP: 16/16
  4249 | D:5      | Reached skill level 5 in Fighting
  4444 | D:5      | Noticed Menkaure
  4457 | D:5      | Killed Menkaure
  4458 | D:5      | Reached skill level 7 in Spellcasting
  4458 | D:5      | Reached XP level 8. HP: 25/62 MP: 18/18
  4585 | D:5      | Learned a level 4 spell: Airstrike
  4703 | D:5      | Found a broken altar of Ashenzari.
  5266 | D:6      | Noticed Dowan
  5318 | D:5      | Reached skill level 5 in Air Magic
  5467 | D:6      | Noticed Eustachio
  5472 | D:6      | Killed Eustachio
  5473 | D:6      | Reached skill level 8 in Spellcasting
  5776 | D:6      | Noticed Duvessa
  5793 | D:6      | Killed Duvessa
  5796 | D:6      | Reached XP level 9. HP: 47/70 MP: 12/21
  5811 | D:6      | Killed Dowan
  6077 | D:6      | Found a runed translucent door.
  6078 | D:6      | Noticed Crazy Yiuf
  6079 | D:6      | Identified the +7 hammer of War {flame, *Slow rElec Int+3
                  | Stlth+}
  6125 | D:6      | Found a staircase to the Ecumenical Temple.
  6311 | D:7      | Found a sand-covered staircase.
  6331 | D:7      | Noticed Pikel
  6337 | Ossuary  | Entered an ossuary
  7215 | Ossuary  | Noticed a silent spectre
  7469 | Temple   | Entered the Ecumenical Temple
  7683 | Temple   | Became a worshipper of Hepliaklqana the Forgotten
  7977 | D:7      | Found a transporter.
  8023 | D:7      | Found a transporter.
  8203 | D:7      | Identified the ring of Fautzaps {Fly rPois rN+ Str-2 Int+4}
  8290 | D:7      | Killed Pikel
  8291 | D:7      | Reached skill level 9 in Spellcasting
  8470 | D:7      | You fall into a shaft and drop 3 floors!
  8470 | D:10     | Entered Level 10 of the Dungeon
  8600 | D:10     | Found a shimmering altar of Xom.
  8603 | D:10     | Found an ornate altar of the Wu Jian Council.
  8612 | D:10     | Found a shimmering altar of Xom.
  8612 | D:10     | Found a shimmering altar of Xom.
  8613 | D:10     | Found a shimmering altar of Xom.
  8614 | D:10     | Found a shimmering altar of Xom.
  8682 | D:10     | Reached * piety under Hepliaklqana
  8743 | D:10     | HP: 3/64 [something (7)]
  8743 | D:10     | Slain by a vampire

Illustrated notes

Levels and vault maps discovered:
D:1:      zelgadis_glass_arrival_small, layout_loops_ring, serial_shops,
          shop_fountains, dreamdust_mushroom_princess, minmay_tall_x
D:2:      layout_basic, ebering_ecumenical_altar_mist, item_on_display_a,
          uniq_sigmund
D:3:      layout_basic
D:4:      layout_loops_ring, minmay_misc_feat_tower, corexii_leaking_fountain,
          kennysheep_cross_bottleneck
D:5:      minmay_general_purpose_star, layout_cave_pools,
          overflow_temple_1_default, mainiacjoe_overflow_alcove_2,
          nicolae_ashenzari_panopticon, biasface_ghost_orc_armoury,
          water_boxes_lemuel, uniq_menkaure
D:6:      layout_cave_pools, minmay_temple_entry_purple_smoke,
          uniq_crazy_yiuf_cottage, uniq_duvessa, uniq_eustachio
D:7:      layout_loops_ring, chequers_ossuary_entry_cave,
          gammafunk_ghost_gnarly_gnolls, uniq_pikel
D:10:     layout_irregular_city, kennysheep_mini, nicolae_wu_jian_glorious_leap,
          xom_redecorated, kennysheep_orc_monster_closet_entryway
Temple:   dpeg_chambers_temple

Skill      XL: |  1  2  3  4  5  6  7  8  9 |
---------------+----------------------------+-----
Spellcasting   | 3 5 6 7 8 9 |  9.4
Fighting       | 1 3 4 5 6 7 |  7.3
Air Magic      | 1 2 4 5 7 |  7.3
Dodging        | |  1.5
Stealth        | |  1.5
Necromancy     | |  4.0

Action                   |  1- 3 |  4- 6 |  7- 9 || total
-------------------------+-------+-------+-------++-------
Melee: Unarmed           |     8 |       |       ||     8
       Dagger            |    20 |     8 |     9 ||    37
       Punch             |     1 |       |       ||     1
 Cast: Necrotise         |    71 |   105 |   109 ||   285
       Vampiric Draining |       |     1 |    47 ||    48
       Shock             |       |       |   149 ||   149
       Airstrike         |       |       |    10 ||    10
  Use: Scroll            |     3 |       |    14 ||    17
Armor: Robe              |    10 |     6 |    29 ||    45
Dodge: Dodged            |    36 |    28 |   108 ||   172

Table legend: (Time is in decaauts)
 A = Elapsed time spent in this place.
 B = Non-inter-level travel time spent in this place.
 C = Inter-level travel time spent in this place.
 D = Time resting spent in this place.
 E = Time spent auto-exploring this place.
 F = Levels seen in this place.
 G = Mean time per level.
                   A        B        C        D        E       F      G
               +--------+--------+--------+--------+--------+-----+--------+
         Total |   8737 |   8495 |    242 |   1072 |   5775 |  10 |  873.7 |
       Dungeon |   7589 |   7370 |    219 |    781 |   5280 |   8 |  948.6 |
        Temple |    227 |    204 |     23 |      0 |    191 |   1 |  227.0 |
       Ossuary |    919 |    919 |      0 |    291 |    304 |   1 |  919.0 |
               +--------+--------+--------+--------+--------+-----+--------+

Top non-repeatable levels by time:
     D:5: 1634 daAuts
     D:6: 1270 daAuts
     D:1: 1131 daAuts
     D:3: 949 daAuts
 Ossuary: 919 daAuts
     D:2: 883 daAuts
     D:7: 735 daAuts
     D:4: 711 daAuts
    D:10: 273 daAuts
  Temple: 227 daAuts
